 Dungeon Crawl Stone Soup version 0.20.1-1-g8b1a95d (webtiles) character file.

158 goulibeur the Distorting Demonspawn (level 5, -1/41 HPs)
             Began as a Demonspawn Abyssal Knight on Oct 16, 2017.
             Was a Believer of Lugonu.
             Slain by a gnoll
             ... wielding a +0 flail
              (3 damage)
             ... on level 3 of the Dungeon.
             The game lasted 00:14:39 (2673 turns).

goulibeur the Distorting Demonspawn (DsAK)          Turns: 2673, Time: 00:14:39

Health: -1/41      AC: 11    Str: 12    XL:     5   Next: 16%
Magic:  8/8        EV:  3    Int: 13    God:    Lugonu [**....]
Gold:   186        SH:  0    Dex: 14    Spells: 4/4 levels left

rFire    . . .     SeeInvis .   a - +1 short sword
rCold    . . .     Gourm    .   (no shield)
rNeg     . . .     Faith    .   o - +0 plate armour
rPois    +         Spirit   .   (helmet restricted)
rElec    .         Reflect  .   (no cloak)
rCorr    .         Harm     .   (no gloves)
MR       .....                  (no boots)
Stlth    ..........             (no amulet)
Regen    0.2/turn               l - ring of poison resistance
MPRegen  0.2/turn               (no ring)

@: no status effects
A: claws 1, horns 1, demonic guardian 1
a: Depart the Abyss, Bend Space, Renounce Religion


You were on level 3 of the Dungeon.
You worshipped Lugonu.
Lugonu was pleased with you.
You were not hungry.

You visited 1 branch of the dungeon, and saw 3 of its levels.
You visited the Abyss 1 time.

You collected 186 gold pieces.

Inventory:

Hand Weapons
 a - a +1 short sword (weapon)
Armour
 o - a +0 plate armour (worn)
Jewellery
 l - a ring of poison resistance (left claw)
Scrolls
 b - a scroll of identify
 d - a scroll of remove curse
 g - a scroll of magic mapping {unknown}
 h - 3 scrolls of random uselessness {unknown}
 k - 2 scrolls of enchant armour {unknown}
Potions
 e - a potion of might
 m - a potion of brilliance {unknown}
 n - a potion of flight {unknown}
Comestibles
 c - 2 bread rations
 f - 2 meat rations
 i - 3 chunks of flesh
 j - a royal jelly


   Skills:
 + Level 3.5 Fighting
 - Level 1.7 Short Blades
 + Level 3.0 Armour
 + Level 1.7 Dodging
 * Level 4.9 Invocations


You had 4 spell levels left.
You didn't know any spells.

Dungeon Overview and Level Annotations

Branches:
Dungeon (3/15)

Altars:
Qazlal


Innate Abilities, Weirdness & Mutations

You have sharp fingernails.
You have a pair of small horns on your head.
A weak demonic guardian rushes to your aid.


Message History

You hit the gnoll.
The gnoll is severely wounded.
The gnoll hits you with a club. The gnoll hits you with a flail.
* * * LOW HITPOINT WARNING * * *
You hit the gnoll. Your headbutt misses the gnoll.
The gnoll is almost dead.
The gnoll barely misses you. x2
Your plate armour prevents you from hitting the gnoll.
Your headbutt misses the gnoll.
The gnoll is almost dead.
The gnoll hits you with a club.
* * * LOW HITPOINT WARNING * * *
The gnoll barely misses you.
You hit the gnoll.
You kill the gnoll!
Lugonu accepts your kill. The gnoll hits you with a flail.
* * * LOW HITPOINT WARNING * * *
The gnoll hits you with a flail.
You die...

##.## #.# #.# ##'##
##...## ##.....## ### .#.
##.....(.## ##..
.....###.........####...
.....))@g....รท...+......
....####.........####...
. ##.......## ##.#
##.....## #.# ##...## #.#
##+## #.# #.# #.# #.# #.#
##.## #.#


You could see a gnoll.

Vanquished Creatures
  4 adders (D:2)
  A gnoll (D:3)
  A worm (D:2)
  3 dart slugs
  3 leopard geckos
  9 bats
  2 giant cockroaches
  7 goblins
  6 hobgoblins
  9 jackals
  3 kobolds
  A ball python (D:2)
  5 frilled lizards
  7 rats
61 creatures vanquished.

Vanquished Creatures (collateral kills)
  Jessica (D:2)
  A gnoll (D:3)
  An adder (D:3)
  An orc (D:3)
  A hobgoblin (D:3)
  A rat (D:2)
6 creatures vanquished.

Grand Total: 67 creatures vanquished

Notes
Turn   | Place    | Note
-------+----------+-------------------------------------------
     0 | Abyss:1  | goulibeur the Demonspawn Abyssal Knight began the quest for the Orb.
     0 | Abyss:1  | Reached XP level 1. HP: 18/18 MP: 2/2
    10 | D:1      | Escaped the Abyss
    66 | D:1      | Reached skill level 1 in Dodging
    82 | D:1      | Reached skill level 3 in Invocations
   130 | D:1      | Gained mutation: A weak demonic guardian rushes to your aid. [demonic ancestry]
   130 | D:1      | Reached XP level 2. HP: 15/24 MP: 4/4
   613 | D:1      | Reached ** piety under Lugonu
   617 | D:1      | Gained mutation: You have sharp fingernails. [demonic ancestry]
   617 | D:1      | Reached XP level 3. HP: 25/29 MP: 5/5
  1261 | D:2      | Reached skill level 4 in Invocations
  1414 | D:2      | Noticed Jessica
  1420 | D:2      | Killed Jessica
  1420 | D:2      | Gained mutation: You have a pair of small horns on your head. [demonic ancestry]
  1420 | D:2      | Reached XP level 4. HP: 33/35 MP: 7/7
  1626 | D:2      | Found a stormy altar of Qazlal.
  2354 | D:2      | Reached *** piety under Lugonu
  2608 | D:3      | Reached XP level 5. HP: 41/41 MP: 8/8
  2672 | D:3      | HP: 2/41 [gnoll/flail (4)]
  2673 | D:3      | Slain by a gnoll

Skill      XL: |  1  2  3  4  5 |
---------------+----------------+-----
Dodging        | 1 |  1.7
Invocations    | 3 4 |  4.9
Armour         | 2 3 |  3.0
Fighting       | |  3.5
Short Blades   | |  1.7

Action                   |  1- 3 |  4- 6 || total
-------------------------+-------+-------++-------
Melee: Short sword       |   167 |    92 ||   259
       Headbutt          |       |    10 ||    10
  Use: Scroll            |       |     2 ||     2
  Eat: Chunk             |     2 |     4 ||     6
Armor: Leather armour    |     7 |       ||     7
       Chain mail        |   102 |     9 ||   111
       Plate armour      |       |    58 ||    58
Dodge: Dodged            |    51 |    30 ||    81
